 Dungeon Crawl Stone Soup version 0.17.1-1-g73c8601 (webtiles) character file.

46 Implojin the Ruffian (level 3, -2/36 HPs)
             Began as a Troll Fighter on Apr 4, 2016.
             Slain by a worker ant (7 damage)
             ... on level 5 of the Dungeon.
             The game lasted 00:02:35 (450 turns).

Implojin the Ruffian (Troll Fighter)                 Turns: 450, Time: 00:02:35

Health: -2/36      AC:  5    Str: 24    XL:     3   Next: 44%
Magic:  2/2        EV:  8    Int:  4    God:
Gold:   11         SH:  8    Dex: 10    Spells: 0 memorised, 2 levels left

rFire  . . .     SeeInvis .       - Unarmed
rCold  . . .     Clarity  .     a - +0 robe
rNeg   . . .     SustAt   .     b - +0 shield
rPois  .         Gourm    +     (helmet restricted)
rElec  .         Spirit   .     (no cloak)
rCorr  .         Warding  .     (gloves unavailable)
rMut   .         Stasis   .     (boots unavailable)
MR     .....                    (no amulet)
Stlth  +.........               (no ring)
                                (no ring)

@: lethally poisoned (-2 -> -2), not resistant to hostile enchantments, very
unstealthy
A: unfitting armour, claws 3, fast metabolism 3, gourmand, regeneration 2,
shaggy fur 1, tough skin 2
a: no special abilities


You were on level 5 of the Dungeon.
You were not hungry.

You visited 1 branch of the dungeon, and saw 5 of its levels.

You collected 11 gold pieces.

Inventory:

Missiles
 k - 5 tomahawks (quivered)
Armour
 a - a +0 robe (worn)
 b - a +0 shield (worn)
Scrolls
 g - a scroll of remove curse {unknown}
 i - a scroll of identify {unknown}
 l - a scroll of amnesia {unknown}
Potions
 c - a potion of might
 e - a potion of ambrosia {unknown}
 h - a potion of curing {unknown}
 j - 2 potions of flight {unknown}
Comestibles
 d - 3 bread rations


   Skills:
 - Level 2.4 Fighting
 - Level 2.4 Dodging
 - Level 2.4 Shields
 * Level 3.9 Unarmed Combat


You had 2 spell levels left.
You didn't know any spells.

Dungeon Overview and Level Annotations

Branches:
Dungeon (5/15)
 Temple: D:4-7

Altars:
Elyvilon
Kikubaaqudgha


Innate Abilities, Weirdness & Mutations

You are too large for most types of armour.
You have claws for hands.
Your metabolism is lightning-fast.
You like to eat raw meat.
You heal very quickly.
You are covered in fur (AC +1).
You have very tough skin (AC +2).


Message History

The ogre hits you with a giant spiked club!
* * * LOW HITPOINT WARNING * * *
A worker ant comes into view.
The worker ant twitches its antennae in your direction.
Read which item? (? for menu, Esc to quit)
As you read the scroll labeled TUZXAGGOWE, it crumbles to dust.
You feel strangely unstable.
It was a scroll of teleportation.
The worker ant barely misses you. The worker ant bites you.
* * * LOW HITPOINT WARNING * * *
You are poisoned.
The worker ant poisons you!
Your surroundings suddenly seem different.
You feel sick.
Unknown command.
You feel sick.
You feel sick.
You feel sick.
You feel sick.
The worker ant twitches its antennae in your direction.
Throwing (i - inventory):
k - 7 tomahawks (quivered)
Press: ? - help, Shift-Dir - straight line, f - worker ant
Aim: a worker ant You throw a tomahawk.
The tomahawk hits the worker ant but does no damage.
You feel sick.
Throwing (i - inventory):
k - 6 tomahawks (quivered)
Press: ? - help, Shift-Dir - straight line, f/p - worker ant
Aim: a worker ant You throw a tomahawk.
The tomahawk closely misses the worker ant.
You scratch the worker ant but do no damage.
You feel sick. The worker ant bites you.
* * * LOW HITPOINT WARNING * * *
You completely miss the worker ant.
The worker ant bites you but does no damage.
You claw the worker ant!
The worker ant is severely wounded.
The worker ant bites you!
You die...

.....##### ##. .
###........##.. .#
.............##.#
........##.....
......###....#
##....##....##
#######......#.#...###
.......@a..((((......##
#####...####(...#<....##
#..#.# ###..#####O..
##.##.# #...# #.a..
#.###.....# ##..# #.###
#........## .........#
###.......# ##.#####.#
#............. #.# .#
...#.....####... ..


You could see a worker ant.

Vanquished Creatures
  A hound (D:5)
  An adder (D:2)
  A giant cockroach (D:3)
  2 goblins (D:2)
  3 bats
  2 giant newts
  A rat (D:2)
11 creatures vanquished.

Notes
Turn   | Place    | Note
--------------------------------------------------------------
     0 | D:1      | Implojin the Troll Fighter began the quest for the Orb.
     0 | D:1      | Reached XP level 1. HP: 22/22 MP: 0/0
   182 | D:2      | Reached XP level 2. HP: 25/29 MP: 1/1
   195 | D:2      | Found a white marble altar of Elyvilon.
   263 | D:2      | Reached skill level 3 in Unarmed Combat
   391 | D:4      | Found an ancient bone altar of Kikubaaqudgha.
   403 | D:5      | Entered Level 5 of the Dungeon
   406 | D:5      | Noticed an ogre
   429 | D:5      | Reached XP level 3. HP: 21/36 MP: 2/2
   450 | D:5      | Slain by a worker ant

Action                   || total
-------------------------++-------
Melee: Unarmed           ||    43
Throw: Tomahawk          ||     5
  Use: Scroll            ||     1
  Eat: Chunk             ||     1

Table legend:
 A = Turns spent in this place as a percentage of turns spent in the entire game.
 B = Non-inter-level travel turns spent in this place as a percentage of non-inter-level travel turns spent in the entire game.
 C = Inter-level travel turns spent in this place as a percentage of turns spent in this place.
 D = Turns resting spent in this place as a percentage of non-inter-level travel turns spent in this place.
 E = Turns spent auto-exploring this place as a percentage of non-inter-level travel turns spent in this place.
 F = Non-inter-level travel turns spent in this place divided by the number of levels of this place that you've seen.
                   A       B       C       D       E      F
               +-------+-------+-------+-------+-------+----------------------
         Total | 100.0 | 100.0 |   0.0 |   0.0 |   0.0 |  82.4
       Dungeon | 100.0 | 100.0 |   0.0 |   0.0 |   0.0 |  82.4
               +-------+-------+-------+-------+-------+----------------------

Table legend:
 A = Kills in this place as a percentage of kills in entire the game.
 B = Kills by you in this place as a percentage of kills by you in the entire game.
 C = Kills by friends in this place as a percentage of kills by friends in the entire game.
 D = Other kills in this place as a percentage of other kills in the entire game.
 E = Experience gained in this place as a percentage of experience gained in the entire game.
 F = Experience gained in this place divided by the number of levels of this place that you have seen.
                   A       B       C       D       E      F
               +-------+-------+-------+-------+-------+----------------------
         Total | 100.0 | 100.0 |  -nan |  -nan | 100.0 |  13.2
       Dungeon | 100.0 | 100.0 |  -nan |  -nan | 100.0 |  13.2
               +-------+-------+-------+-------+-------+----------------------
